Mustangs vs Sasquatch

Created - February 20, 2019 at 06:51

Goals
1 2 3 T
Mustangs 4 2 0 6
Sasquatch 0 1 0 1
Shots
1 2 3 T
Mustangs 14 9 6 29
Sasquatch 12 17 8 37

1st period

1. Mustangs , Jim O'Brien 22 (Derek Joslin 23, Brady Skjei 34) at 0:54
2. Mustangs , Teuvo Teravainen 31 (Andrew Shaw 37, Melker Karlsson 38) at 6:07 (PP)
3. Mustangs , Jim O'Brien 23 (Mark Pysyk 21, Valentin Zykov 7) at 8:52
4. Mustangs , Teuvo Teravainen 32 (Melker Karlsson 39) at 12:11

Penalties :
Joshua Leivo (Ham) for Slashing (Minor) at 3:33, Drew Shore (Gat) for Tripping (Minor) at 6:04, Mark Pysyk (Ham) for Hooking (Minor) at 16:43

2nd period

5. Sasquatch , Teemu Hartikainen 16 (Matt Halischuk 40, Patrick Wey 24) at 2:21
6. Mustangs , Valentin Zykov 6 (Jerome Samson 13, Jim O'Brien 25) at 3:56
7. Mustangs , Alexei Marchenko 7 (Jim O'Brien 26, Mark Pysyk 22) at 9:07

Penalties :
Jeff Skinner (Gat) for Hooking (Minor) at 4:13, Jesper Fast (Gat) for Tripping (Minor) at 16:57

3rd period

No Goal

Penalties :
Drew Shore (Gat) for Tripping (Minor) at 0:37, Teuvo Teravainen (Ham) for Cross-checking (Minor) at 1:42, Teemu Hartikainen (Gat) for Goalie Interference (Minor) at 5:41, Brett Pesce (Gat) for Holding (Minor) at 9:16

Goalie Stats

Joacim Eriksson (Ham), 36 saves from 37 shots - (0.973), W, 5-7-0, 60:00 minutes
Joonas Korpisalo (Gat), 4 saves from 8 shots - (0.500), L, 17-9-2, 12:11 minutes
Corey Crawford (Gat), 19 saves from 21 shots - (0.905), 47:49 minutes

Players Stats for Mustangs

Player Name              G  A  P  +/- PIM S  H  SB GA TA FO     MP     PP MP  PK MP  
------------------------------------------------------------------------------------
Alexei Marchenko         1  0  1   2  0   1  1  1  0  1  0/0    20:13   3:59   2:41 
Andrew Shaw              0  1  1   1  0   1  1  2  1  0  0/1    20:50   4:44   1:29 
Ben Harpur               0  0  0   1  0   0  0  1  0  1  0/0    15:14   0:00   0:00 
Brady Skjei              0  1  1   1  0   2  1  1  1  1  0/0    25:25   5:05   2:58 
Curtis Hamilton          0  0  0   0  0   0  0  0  0  0  0/0     7:45   0:08   0:00 
Dakota Mermis            0  0  0   1  0   0  0  1  0  0  0/0    15:00   0:00   0:00 
Derek Joslin             0  1  1   1  0   1  2  0  0  1  0/0    25:04   5:05   2:57 
Jerome Samson            0  1  1   4  0   2  2  0  0  0  0/0    11:51   0:08   0:00 
Jim O'Brien              2  2  4   4  0   5  0  0  0  0  2/4    14:45   0:08   1:29 
Josh Jooris              0  0  0  -1  0   3  1  1  0  0  2/2    18:57   4:12   3:26 
Joshua Leivo             0  0  0  -1  2   2  1  0  0  0  1/2    16:06   4:12   0:04 
Mark Pysyk               0  2  2   2  2   1  1  0  0  0  0/0    19:23   3:59   1:30 
Max Gortz                0  0  0   0  0   0  0  0  1  0  0/0     7:17   0:00   0:00 
Melker Karlsson          0  2  2   1  0   0  4  0  0  1  18/39  22:14   4:44   3:03 
Riley Nash               0  0  0   0  0   2  2  0  0  0  3/4     7:17   0:00   0:00 
Stefan Matteau           0  0  0  -1  0   3  2  1  0  0  5/8    17:00   4:12   0:35 
Teuvo Teravainen         2  0  2   1  2   4  0  0  1  0  0/1    18:16   4:43   0:00 
Valentin Zykov           1  1  2   4  0   2  2  2  0  0  0/1    11:23   0:00   0:00 

Players Stats for Sasquatch

Player Name              G  A  P  +/- PIM S  H  SB GA TA FO     MP     PP MP  PK MP  
------------------------------------------------------------------------------------
Brett Pesce              0  0  0  -1  2   0  0  3  0  0  0/0    13:14   0:00   0:00 
Brock Trotter            0  0  0  -3  0   3  5  0  0  0  0/0    15:28   2:35   1:46 
David Desharnais         0  0  0   0  0   2  0  0  0  0  0/1     6:51   0:00   0:00 
Devin Shore              0  0  0  -3  0   3  3  1  0  0  2/7    14:04   2:35   0:00 
Dougie Hamilton          0  0  0  -2  0   3  2  1  2  1  0/0    26:35   3:04   5:02 
Drew Shore               0  0  0  -1  4   4  2  2  1  0  19/36  20:32   2:28   4:01 
Jeff Skinner             0  0  0  -1  2   5  2  0  0  0  0/1    17:28   2:21   0:00 
Jesper Fast              0  0  0  -1  2   3  2  0  1  0  1/1    16:26   2:21   0:00 
Josh Morrissey           0  0  0  -1  0   5  0  2  0  0  0/0    16:18   1:59   0:00 
Martin Marincin          0  0  0  -1  0   0  0  0  0  1  0/0    16:37   0:00   4:02 
Matt Halischuk           0  1  1   0  0   2  4  0  0  0  0/0    15:41   2:35   0:00 
Nicolas Deslauriers      0  0  0   0  0   1  1  1  1  0  0/0    11:47   0:00   4:49 
Patrick Wey              0  1  1  -2  0   0  0  0  0  0  0/0    26:33   3:04   5:02 
Petr Straka              0  0  0  -3  0   2  1  0  0  0  0/2    14:11   0:00   2:54 
Sergey Kalinin           0  0  0   0  0   0  3  0  0  1  9/14   17:12   0:14   3:10 
Slava Voynov             0  0  0  -1  0   1  0  0  0  1  0/0    19:54   1:59   4:02 
Sven Andrighetto         0  0  0   0  0   0  1  0  0  0  0/0     6:32   0:00   0:00 
Teemu Hartikainen        1  0  1   0  2   3  2  0  0  0  0/0    14:33   0:00   1:28 

3 Stars

1 - Jim O'Brien (Ham)
2 - Valentin Zykov (Ham)
3 - Joacim Eriksson (Ham)

Power Play

Mustangs - 1 on 6 Attempt(s) - 16.67%
Sasquatch - 0 on 3 Attempt(s) - 0.00%

Penalty Kill

Mustangs - 3 on 3 Attempt(s) - 100.00% - Score 0 goal in Penalty Kill
Sasquatch - 5 on 6 Attempt(s) - 83.33% - Score 0 goal in Penalty Kill

Team Stat

Mustangs - Hits : 20 - Faceoff Wins : 31 - Blocked Shots : 10 - Penalty Minutes : 6
Sasquatch - Hits : 28 - Faceoff Wins : 31 - Blocked Shots : 10 - Penalty Minutes : 12

Official

Referees : Unknown
Linesman : Unknown

Game Notes

Corey Crawford enters game at 12:11 of 1st period

Finance

Level 1 -- Attendance: 1618 (80.90%) -- Ticket Income $64,720
Level 2 -- Attendance: 779 (77.90%) -- Ticket Income $15,580
Total Attendance: 2397 (79.90%)
Total Ticket Income: $80,300
Other Income: $4,015
Total Income: $84,315

Mustangs

5 vs 5 Forward 
   Center                   Left Wing                Right Wing               Time % Phy DF OF 
 1 Melker Karlsson          Teuvo Teravainen         Andrew Shaw              40     1   2  2  
 2 Stefan Matteau           Joshua Leivo             Josh Jooris              30     1   2  2  
 3 Jim O'Brien              Valentin Zykov           Jerome Samson            20     1   2  2  
 4 Riley Nash               Curtis Hamilton          Max Gortz                10     1   2  2  

5 vs 5 Defense 
   Defense                  Defense                                           Time % Phy DF OF 
 1 Brady Skjei              Derek Joslin                                      44     1   2  2  
 2 Mark Pysyk               Alexei Marchenko                                  33     1   2  2  
 3 Ben Harpur               Dakota Mermis                                     23     1   2  2  
 4 Mark Pysyk               Alexei Marchenko                                  0      1   2  2  

PowerPlay Forward 
   Center                   Left Wing                Right Wing               Time % Phy DF OF 
 1 Melker Karlsson          Teuvo Teravainen         Andrew Shaw              60     1   2  2  
 2 Stefan Matteau           Joshua Leivo             Josh Jooris              40     1   2  2  

PowerPlay Defense
   Defense                  Defense                                           Time % Phy DF OF 
 1 Brady Skjei              Derek Joslin                                      60     1   2  2  
 2 Mark Pysyk               Alexei Marchenko                                  40     1   2  2  

Penalty Kill 4 Players Forward 
   Center                   Wing                     Time % Phy DF OF 
 1 Melker Karlsson          Josh Jooris              60     1   2  2  
 2 Jim O'Brien              Andrew Shaw              40     1   2  2  

Penalty Kill 4 Players Defense
   Defense                  Defense                  Time % Phy DF OF 
 1 Brady Skjei              Derek Joslin             60     1   2  2  
 2 Mark Pysyk               Alexei Marchenko         40     1   2  2  

Penalty Kill - 3 Players Forward 
   Forward                                           Time % Phy DF OF 
 1 Melker Karlsson                                   60     1   2  2  
 2 Jim O'Brien                                       40     1   2  2  

Penalty Kill - 3 Players Defense
   Defense                  Defense                  Time % Phy DF OF 
 1 Brady Skjei              Derek Joslin             60     1   2  2  
 2 Mark Pysyk               Alexei Marchenko         40     1   2  2  

4 vs 4 Forward 
   Center                   Wing                     Time % Phy DF OF 
 1 Melker Karlsson          Teuvo Teravainen         60     1   2  2  
 2 Stefan Matteau           Josh Jooris              40     1   2  2  

4 vs 4 Defense
   Defense                  Defense                  Time % Phy DF OF 
 1 Brady Skjei              Derek Joslin             60     1   2  2  
 2 Mark Pysyk               Alexei Marchenko         40     1   2  2  

Last Minutes Offensive
   Center                   Left Wing                Right Wing               Defense                  Defense                  
   Melker Karlsson          Teuvo Teravainen         Andrew Shaw              Brady Skjei              Derek Joslin             

Last Minutes Defensive
   Center                   Left Wing                Right Wing               Defense                  Defense                  
   Melker Karlsson          Teuvo Teravainen         Andrew Shaw              Brady Skjei              Derek Joslin             

Goaltenders
Starting : Joacim Eriksson          
Backup : Chet Pickard             

Extra Forwards
Normal : Melker Karlsson, Stefan Matteau, Jim O'Brien - PP : Teuvo Teravainen, Josh Jooris - PK : Melker Karlsson
Extra Defensemen
Normal : Brady Skjei, Mark Pysyk, Ben Harpur - PP : Brady Skjei - PK : Derek Joslin, Alexei Marchenko
Penalty Shots
Melker Karlsson, Teuvo Teravainen, Josh Jooris, Joshua Leivo, Stefan Matteau

Scratches
Ryan Graves (Healthy), Scott Mayfield (Right Ankle Injury), Eric Knodel (Healthy), Matthew Finn (Healthy), Danny Biega (Healthy)
Kurtis Gabriel (Healthy), Raphael Bussieres (Healthy), Sam Kurker (Healthy), Michael McCarron (Right Ankle Injury), Francis Paré (Healthy)
Anthony Stolarz (Healthy)

Sasquatch

5 vs 5 Forward 
   Center                   Left Wing                Right Wing               Time % Phy DF OF 
 1 Drew Shore               Jeff Skinner             Jesper Fast              40     1   2  2  
 2 Sergey Kalinin           Teemu Hartikainen        Matt Halischuk           30     1   2  2  
 3 Devin Shore              Brock Trotter            Petr Straka              20     1   2  2  
 4 David Desharnais         Nicolas Deslauriers      Sven Andrighetto         10     1   2  2  

5 vs 5 Defense 
   Defense                  Defense                                           Time % Phy DF OF 
 1 Patrick Wey              Dougie Hamilton                                   40     1   2  2  
 2 Martin Marincin          Slava Voynov                                      30     1   2  2  
 3 Josh Morrissey           Brett Pesce                                       20     1   2  2  
 4 Patrick Wey              Dougie Hamilton                                   10     1   2  2  

PowerPlay Forward 
   Center                   Left Wing                Right Wing               Time % Phy DF OF 
 1 Drew Shore               Jeff Skinner             Jesper Fast              60     1   2  2  
 2 Devin Shore              Brock Trotter            Matt Halischuk           40     1   2  2  

PowerPlay Defense
   Defense                  Defense                                           Time % Phy DF OF 
 1 Patrick Wey              Dougie Hamilton                                   60     1   2  2  
 2 Josh Morrissey           Slava Voynov                                      40     1   2  2  

Penalty Kill 4 Players Forward 
   Center                   Wing                     Time % Phy DF OF 
 1 Drew Shore               Nicolas Deslauriers      60     1   2  2  
 2 Sergey Kalinin           Teemu Hartikainen        40     1   2  2  

Penalty Kill 4 Players Defense
   Defense                  Defense                  Time % Phy DF OF 
 1 Patrick Wey              Dougie Hamilton          60     1   2  2  
 2 Martin Marincin          Slava Voynov             40     1   2  2  

Penalty Kill - 3 Players Forward 
   Forward                                           Time % Phy DF OF 
 1 Drew Shore                                        60     1   2  2  
 2 Sergey Kalinin                                    40     1   2  2  

Penalty Kill - 3 Players Defense
   Defense                  Defense                  Time % Phy DF OF 
 1 Patrick Wey              Dougie Hamilton          60     1   2  2  
 2 Martin Marincin          Slava Voynov             40     1   2  2  

4 vs 4 Forward 
   Center                   Wing                     Time % Phy DF OF 
 1 Drew Shore               Jeff Skinner             60     1   2  2  
 2 David Desharnais         Jesper Fast              40     1   2  2  

4 vs 4 Defense
   Defense                  Defense                  Time % Phy DF OF 
 1 Patrick Wey              Dougie Hamilton          60     1   2  2  
 2 Martin Marincin          Slava Voynov             40     1   2  2  

Last Minutes Offensive
   Center                   Left Wing                Right Wing               Defense                  Defense                  
   Drew Shore               Jeff Skinner             Matt Halischuk           Patrick Wey              Dougie Hamilton          

Last Minutes Defensive
   Center                   Left Wing                Right Wing               Defense                  Defense                  
   Drew Shore               Teemu Hartikainen        Matt Halischuk           Patrick Wey              Dougie Hamilton          

Goaltenders
Starting : Joonas Korpisalo         
Backup : Corey Crawford           

Extra Forwards
Normal : Sergey Kalinin, Devin Shore, Petr Straka - PP : Sergey Kalinin, Devin Shore - PK : Petr Straka
Extra Defensemen
Normal : Josh Morrissey, Brett Pesce, Martin Marincin - PP : Josh Morrissey - PK : Brett Pesce, Martin Marincin
Penalty Shots
Jeff Skinner, Devin Shore, Matt Halischuk, Petr Straka, Brock Trotter

Scratches
Ryan Dzingel (Healthy), T.J. Tynan (Healthy), Ty Rattie (Healthy), Andrew Campbell (Healthy), Cal Petersen (Healthy)

% Time on Ice - Mustangs

Lines # - Real PCT - Wanted PCT - Time Play
Normal Forward
1 - 31% - 40% - 13:53
2 - 28% - 30% - 12:26
3 - 25% - 20% - 11:23
4 - 16% - 10% - 7:17
Normal Defense
1 - 37% - 44% - 16:42
2 - 30% - 33% - 13:17
3 - 33% - 23% - 15:00
4 - 0% - 0% - 0:00
PP Forward
1 - 54% - 60% - 4:52
2 - 46% - 40% - 4:12
PP Defense
1 - 56% - 60% - 5:05
2 - 44% - 40% - 3:59
PK Forward
1 - 71% - 60% - 3:34
2 - 29% - 40% - 1:29
PK Defense
1 - 47% - 60% - 2:22
2 - 53% - 40% - 2:41
PK3 Forward
1 - 0% - 60%
2 - 0% - 40%
PK3 Defense
1 - 0% - 60%
2 - 0% - 40%
44 Forward
1 - 100% - 60% - 0:54
2 - 0% - 40% - 0:00
44 Defense
1 - 100% - 60% - 0:54
2 - 0% - 40% - 0:00
Last Minute Offensive  - 0:00
Last Minute Defensive  - 0:00
Total
Forward - 60:00
Defense - 60:00

% Time on Ice - Sasquatch

Lines # - Real PCT - Wanted PCT - Time Play
Normal Forward
1 - 32% - 40% - 14:16
2 - 29% - 30% - 13:08
3 - 25% - 20% - 11:03
4 - 15% - 10% - 6:32
Normal Defense
1 - 37% - 40% - 16:29
2 - 32% - 30% - 14:11
3 - 29% - 20% - 13:15
4 - 2% - 10% - 1:04
PP Forward
1 - 49% - 60% - 2:28
2 - 51% - 40% - 2:35
PP Defense
1 - 61% - 60% - 3:04
2 - 39% - 40% - 1:59
PK Forward
1 - 77% - 60% - 7:00
2 - 23% - 40% - 2:04
PK Defense
1 - 56% - 60% - 5:02
2 - 44% - 40% - 4:02
PK3 Forward
1 - 0% - 60%
2 - 0% - 40%
PK3 Defense
1 - 0% - 60%
2 - 0% - 40%
44 Forward
1 - 100% - 60% - 0:54
2 - 0% - 40% - 0:00
44 Defense
1 - 100% - 60% - 0:54
2 - 0% - 40% - 0:00
Last Minute Offensive  - 0:00
Last Minute Defensive  - 0:00
Total
Forward - 60:00
Defense - 60:00

Play-by-Play

1st period


0:01 of 1st period - Drew Shore wins face-off versus Melker Karlsson in neutral zone.
0:04 of 1st period - Melker Karlsson is hit by Dougie Hamilton and loses puck.
0:50 of 1st period - Wrist shot by Jim O'Brien.
0:50 of 1st period - Stopped by Joonas Korpisalo with a rebound.
0:54 of 1st period - Snap shot by Jim O'Brien.
0:54 of 1st period - Goal by Jim O'Brien - Mustangs : 1 - Sasquatch : 0.
0:55 of 1st period - Riley Nash wins face-off versus David Desharnais in neutral zone.
1:10 of 1st period - Snap shot by Riley Nash.
1:10 of 1st period - Deflect By David Desharnais.
1:10 of 1st period - Stopped by Joonas Korpisalo with a rebound.
1:16 of 1st period - Max Gortz is hit by Sven Andrighetto.
1:26 of 1st period - Snap shot by Teuvo Teravainen.
1:26 of 1st period - Deflect By Melker Karlsson.
1:26 of 1st period - Shot Blocked by Brett Pesce.
1:26 of 1st period - Puck is out of play.
1:27 of 1st period - Melker Karlsson wins face-off versus Drew Shore in Sasquatch zone.
2:54 of 1st period - Off-side.
2:55 of 1st period - Melker Karlsson wins face-off versus Drew Shore in neutral zone.
3:02 of 1st period - Snap shot by Andrew Shaw.
3:02 of 1st period - Shot Blocked by Drew Shore.
3:33 of 1st period - Minor Penalty to Joshua Leivo for Slashing.
3:34 of 1st period - Melker Karlsson wins face-off versus Drew Shore in Mustangs zone.
4:10 of 1st period - Snap shot by Brock Trotter.
4:10 of 1st period - Stopped by Joacim Eriksson without a rebound.
4:11 of 1st period - Devin Shore wins face-off versus Melker Karlsson in Mustangs zone.
4:12 of 1st period - Backhand shot by Brock Trotter.
4:12 of 1st period - Shot Misses the Net.
4:16 of 1st period - Wrist shot by Brock Trotter.
4:16 of 1st period - Stopped by Joacim Eriksson without a rebound.
4:17 of 1st period - Melker Karlsson wins face-off versus Devin Shore in Mustangs zone.
4:23 of 1st period - Icing by Brock Trotter.
4:24 of 1st period - Josh Jooris wins face-off versus Devin Shore in Sasquatch zone.
4:45 of 1st period - Wrist shot by Matt Halischuk.
4:45 of 1st period - Deflect By Brady Skjei.
4:45 of 1st period - Stopped by Joacim Eriksson without a rebound.
4:46 of 1st period - Drew Shore wins face-off versus Melker Karlsson in Mustangs zone.
5:33 of 1st period - Penalty to Joshua Leivo is over, Joshua Leivo is back on ice.
5:59 of 1st period - Slapshot by Jim O'Brien.
5:59 of 1st period - Shot Misses the Net.
6:01 of 1st period - Slapshot by Mark Pysyk.
6:01 of 1st period - Stopped by Joonas Korpisalo without a rebound.
6:02 of 1st period - Drew Shore wins face-off versus Riley Nash in Sasquatch zone.
6:04 of 1st period - Minor Penalty to Drew Shore for Tripping.
6:05 of 1st period - Melker Karlsson wins face-off versus Petr Straka in Sasquatch zone.
6:05 of 1st period - Snap shot by Andrew Shaw.
6:05 of 1st period - Stopped by Joonas Korpisalo with a rebound.
6:07 of 1st period - Wrist shot by Andrew Shaw.
6:07 of 1st period - Deflect By Teuvo Teravainen.
6:07 of 1st period - Deflect By Dougie Hamilton.
6:07 of 1st period - Goal by Teuvo Teravainen - Mustangs : 2 - Sasquatch : 0.
6:08 of 1st period - Melker Karlsson wins face-off versus Drew Shore in neutral zone.
7:02 of 1st period - Off-side.
7:03 of 1st period - Melker Karlsson wins face-off versus Drew Shore in neutral zone.
7:30 of 1st period - Dougie Hamilton is hit by Jerome Samson and loses puck.
8:46 of 1st period - Icing by Josh Morrissey.
8:47 of 1st period - Jim O'Brien wins face-off versus Devin Shore in Sasquatch zone.
8:48 of 1st period - Snap shot by Valentin Zykov.
8:48 of 1st period - Shot Misses the Net.
8:50 of 1st period - Slapshot by Mark Pysyk.
8:50 of 1st period - Shot Blocked by Brett Pesce.
8:52 of 1st period - Snap shot by Jim O'Brien.
8:52 of 1st period - Goal by Jim O'Brien - Mustangs : 3 - Sasquatch : 0.
8:53 of 1st period - Melker Karlsson wins face-off versus Drew Shore in neutral zone.
8:56 of 1st period - Martin Marincin is hit by Melker Karlsson and loses puck.
9:07 of 1st period - Slapshot by Jeff Skinner.
9:07 of 1st period - Stopped by Joacim Eriksson with a rebound.
9:19 of 1st period - Teemu Hartikainen is hit by Joshua Leivo and loses puck.
9:42 of 1st period - Wrist shot by Devin Shore.
9:42 of 1st period - Deflect By Petr Straka.
9:42 of 1st period - Shot Blocked by Dakota Mermis.
9:42 of 1st period - Puck is out of play.
9:43 of 1st period - Jim O'Brien wins face-off versus Drew Shore in Mustangs zone.
9:43 of 1st period - Jim O'Brien is hit by Jeff Skinner.
9:59 of 1st period - Snap shot by Jesper Fast.
9:59 of 1st period - Shot Blocked by Brady Skjei.
10:56 of 1st period - Slapshot by Riley Nash.
10:56 of 1st period - Deflect By Curtis Hamilton.
10:56 of 1st period - Shot Misses the Net.
10:56 of 1st period - Puck is out of play.
10:57 of 1st period - Melker Karlsson wins face-off versus Jeff Skinner in Sasquatch zone.
11:06 of 1st period - Teuvo Teravainen is hit by Jesper Fast and loses puck.
11:38 of 1st period - Brett Pesce is hit by Stefan Matteau and loses puck.
11:59 of 1st period - Slapshot by David Desharnais.
11:59 of 1st period - Stopped by Joacim Eriksson with a rebound.
12:01 of 1st period - Slapshot by Brett Pesce.
12:01 of 1st period - Deflect By David Desharnais.
12:01 of 1st period - Stopped by Joacim Eriksson without a rebound.
12:02 of 1st period - Melker Karlsson wins face-off versus Drew Shore in Mustangs zone.
12:11 of 1st period - Wrist shot by Teuvo Teravainen.
12:11 of 1st period - Goal by Teuvo Teravainen - Mustangs : 4 - Sasquatch : 0.
12:11 of 1st period - Corey Crawford enters game.
12:12 of 1st period - Drew Shore wins face-off versus Melker Karlsson in neutral zone.
12:37 of 1st period - Derek Joslin is hit by Jesper Fast and loses puck.
12:50 of 1st period - Snap shot by Jeff Skinner.
12:50 of 1st period - Stopped by Joacim Eriksson with a rebound.
12:52 of 1st period - Wrist shot by Dougie Hamilton.
12:52 of 1st period - Shot Misses the Net.
12:58 of 1st period - Slapshot by Drew Shore.
12:58 of 1st period - Stopped by Joacim Eriksson without a rebound.
12:59 of 1st period - Sergey Kalinin wins face-off versus Jim O'Brien in Mustangs zone.
14:17 of 1st period - Wrist shot by Teuvo Teravainen.
14:17 of 1st period - Stopped by Corey Crawford with a rebound.
14:37 of 1st period - Wrist shot by Josh Jooris.
14:37 of 1st period - Stopped by Corey Crawford with a rebound.
14:39 of 1st period - Wrist shot by Joshua Leivo.
14:39 of 1st period - Stopped by Corey Crawford without a rebound.
14:40 of 1st period - Sergey Kalinin wins face-off versus Melker Karlsson in Sasquatch zone.
15:08 of 1st period - Jerome Samson is hit by Dougie Hamilton and loses puck.
15:13 of 1st period - Slapshot by Dougie Hamilton.
15:13 of 1st period - Stopped by Joacim Eriksson with a rebound.
15:37 of 1st period - Slapshot by Stefan Matteau.
15:37 of 1st period - Stopped by Corey Crawford without a rebound.
15:38 of 1st period - Drew Shore wins face-off versus Melker Karlsson in Sasquatch zone.
15:51 of 1st period - Wrist shot by Andrew Shaw.
15:51 of 1st period - Shot Misses the Net.
16:05 of 1st period - Josh Jooris is hit by Matt Halischuk and loses puck.
16:43 of 1st period - Minor Penalty to Mark Pysyk for Hooking.
16:44 of 1st period - Josh Jooris wins face-off versus Drew Shore in Mustangs zone.
17:21 of 1st period - Icing by Brock Trotter.
17:22 of 1st period - Melker Karlsson wins face-off versus Devin Shore in Sasquatch zone.
18:00 of 1st period - Icing by Dougie Hamilton.
18:01 of 1st period - Jesper Fast wins face-off versus Melker Karlsson in Sasquatch zone.
18:32 of 1st period - Slapshot by Dougie Hamilton.
18:32 of 1st period - Stopped by Joacim Eriksson without a rebound.
18:33 of 1st period - Melker Karlsson wins face-off versus Drew Shore in Mustangs zone.
18:43 of 1st period - Penalty to Mark Pysyk is over, Mark Pysyk is back on ice.
19:12 of 1st period - Slapshot by Brock Trotter.
19:12 of 1st period - Stopped by Joacim Eriksson with a rebound.
19:14 of 1st period - Slapshot by Slava Voynov.
19:14 of 1st period - Deflect By Brady Skjei.
19:14 of 1st period - Stopped by Joacim Eriksson with a rebound.
19:44 of 1st period - Slapshot by Brady Skjei.
19:44 of 1st period - Shot Blocked by Nicolas Deslauriers.
19:46 of 1st period - Slapshot by Brady Skjei.
19:46 of 1st period - Shot Blocked by Dougie Hamilton.
19:48 of 1st period - Wrist shot by Josh Jooris.
19:48 of 1st period - Stopped by Corey Crawford with a rebound.
19:50 of 1st period - Snap shot by Joshua Leivo.
19:50 of 1st period - Stopped by Corey Crawford without a rebound.
19:51 of 1st period - Drew Shore wins face-off versus Stefan Matteau in Sasquatch zone.
19:51 of 1st period - Drew Shore is hit by Josh Jooris.
Goals for this period are 4 for Mustangs vs 0 for Sasquatch.
Shots for this period are 14 for Mustangs vs 12 for Sasquatch.

2nd period


0:01 of 2nd period - Drew Shore wins face-off versus Melker Karlsson in neutral zone.
0:10 of 2nd period - Slapshot by Drew Shore.
0:10 of 2nd period - Stopped by Joacim Eriksson with a rebound.
0:28 of 2nd period - Jim O'Brien is hit by Matt Halischuk and loses puck.
0:35 of 2nd period - Wrist shot by Brady Skjei.
0:35 of 2nd period - Deflect By Dougie Hamilton.
0:35 of 2nd period - Stopped by Corey Crawford without a rebound.
0:36 of 2nd period - Stefan Matteau wins face-off versus Sergey Kalinin in Sasquatch zone.
0:43 of 2nd period - Snap shot by Matt Halischuk.
0:43 of 2nd period - Deflect By Sergey Kalinin.
0:43 of 2nd period - Shot Blocked by Josh Jooris.
0:43 of 2nd period - Puck is out of play.
0:44 of 2nd period - Sergey Kalinin wins face-off versus Joshua Leivo in Mustangs zone.
2:14 of 2nd period - Stefan Matteau is hit by Matt Halischuk and loses puck.
2:19 of 2nd period - Snap shot by Matt Halischuk.
2:19 of 2nd period - Stopped by Joacim Eriksson with a rebound.
2:21 of 2nd period - Slapshot by Teemu Hartikainen.
2:21 of 2nd period - Goal by Teemu Hartikainen - Mustangs : 4 - Sasquatch : 1.
2:22 of 2nd period - Melker Karlsson wins face-off versus Drew Shore in neutral zone.
2:47 of 2nd period - Derek Joslin is hit by Teemu Hartikainen and loses puck.
2:56 of 2nd period - Wrist shot by Matt Halischuk.
2:56 of 2nd period - Shot Blocked by Valentin Zykov.
2:58 of 2nd period - Snap shot by Matt Halischuk.
2:58 of 2nd period - Shot Misses the Net.
3:14 of 2nd period - Slapshot by Brady Skjei.
3:14 of 2nd period - Stopped by Corey Crawford without a rebound.
3:15 of 2nd period - Drew Shore wins face-off versus Stefan Matteau in Sasquatch zone.
3:19 of 2nd period - Off-side.
3:20 of 2nd period - Drew Shore wins face-off versus Melker Karlsson in neutral zone.
3:29 of 2nd period - Patrick Wey is hit by Andrew Shaw and loses puck.
3:52 of 2nd period - Snap shot by Jerome Samson.
3:52 of 2nd period - Stopped by Corey Crawford with a rebound.
3:54 of 2nd period - Wrist shot by Valentin Zykov.
3:54 of 2nd period - Stopped by Corey Crawford with a rebound.
3:56 of 2nd period - Wrist shot by Valentin Zykov.
3:56 of 2nd period - Goal by Valentin Zykov - Mustangs : 5 - Sasquatch : 1.
3:57 of 2nd period - Drew Shore wins face-off versus Melker Karlsson in neutral zone.
4:04 of 2nd period - Wrist shot by Drew Shore.
4:04 of 2nd period - Stopped by Joacim Eriksson with a rebound.
4:13 of 2nd period - Minor Penalty to Jeff Skinner for Hooking.
4:14 of 2nd period - Drew Shore wins face-off versus Melker Karlsson in Sasquatch zone.
5:50 of 2nd period - Joshua Leivo is hit by Brock Trotter and loses puck.
6:13 of 2nd period - Penalty to Jeff Skinner is over, Jeff Skinner is back on ice.
6:17 of 2nd period - Patrick Wey is hit by Mark Pysyk and loses puck.
6:32 of 2nd period - Valentin Zykov is hit by Teemu Hartikainen and loses puck.
6:49 of 2nd period - Snap shot by Jeff Skinner.
6:49 of 2nd period - Stopped by Joacim Eriksson with a rebound.
6:51 of 2nd period - Snap shot by Jesper Fast.
6:51 of 2nd period - Stopped by Joacim Eriksson without a rebound.
6:52 of 2nd period - Riley Nash wins face-off versus Drew Shore in Mustangs zone.
7:05 of 2nd period - Snap shot by Max Gortz.
7:05 of 2nd period - Shot Blocked by Josh Morrissey.
7:30 of 2nd period - Slava Voynov is hit by Jerome Samson and loses puck.
7:47 of 2nd period - Josh Jooris is hit by Nicolas Deslauriers and loses puck.
9:05 of 2nd period - Snap shot by Jim O'Brien.
9:05 of 2nd period - Shot Misses the Net.
9:07 of 2nd period - Backhand shot by Alexei Marchenko.
9:07 of 2nd period - Goal by Alexei Marchenko - Mustangs : 6 - Sasquatch : 1.
9:08 of 2nd period - Melker Karlsson wins face-off versus Drew Shore in neutral zone.
9:21 of 2nd period - Slapshot by Teuvo Teravainen.
9:21 of 2nd period - Stopped by Corey Crawford with a rebound.
10:13 of 2nd period - Jerome Samson is hit by Devin Shore.
10:25 of 2nd period - Snap shot by Petr Straka.
10:25 of 2nd period - Shot Misses the Net.
10:27 of 2nd period - Slapshot by Devin Shore.
10:27 of 2nd period - Stopped by Joacim Eriksson with a rebound.
10:29 of 2nd period - Snap shot by Devin Shore.
10:29 of 2nd period - Shot Misses the Net.
10:31 of 2nd period - Snap shot by Petr Straka.
10:31 of 2nd period - Shot Misses the Net.
10:33 of 2nd period - Slapshot by Josh Morrissey.
10:33 of 2nd period - Stopped by Joacim Eriksson with a rebound.
10:35 of 2nd period - Slapshot by Josh Morrissey.
10:35 of 2nd period - Stopped by Joacim Eriksson with a rebound.
10:37 of 2nd period - Slapshot by Josh Morrissey.
10:37 of 2nd period - Deflect By Jim O'Brien.
10:37 of 2nd period - Stopped by Joacim Eriksson with a rebound.
10:39 of 2nd period - Slapshot by Josh Morrissey.
10:39 of 2nd period - Stopped by Joacim Eriksson with a rebound.
10:47 of 2nd period - Wrist shot by Devin Shore.
10:47 of 2nd period - Shot Misses the Net.
10:49 of 2nd period - Snap shot by Petr Straka.
10:49 of 2nd period - Stopped by Joacim Eriksson with a rebound.
10:57 of 2nd period - Ben Harpur is hit by Brock Trotter and loses puck.
12:00 of 2nd period - Snap shot by Petr Straka.
12:00 of 2nd period - Shot Blocked by Valentin Zykov.
12:02 of 2nd period - Slapshot by Josh Morrissey.
12:02 of 2nd period - Stopped by Joacim Eriksson with a rebound.
12:34 of 2nd period - Jim O'Brien is hit by Devin Shore and loses puck.
12:49 of 2nd period - Snap shot by Brock Trotter.
12:49 of 2nd period - Shot Blocked by Ben Harpur.
12:53 of 2nd period - Wrist shot by Devin Shore.
12:53 of 2nd period - Stopped by Joacim Eriksson without a rebound.
12:54 of 2nd period - Drew Shore wins face-off versus Melker Karlsson in Mustangs zone.
12:59 of 2nd period - Snap shot by Jesper Fast.
12:59 of 2nd period - Stopped by Joacim Eriksson without a rebound.
13:00 of 2nd period - Drew Shore wins face-off versus Melker Karlsson in Mustangs zone.
13:39 of 2nd period - Stefan Matteau is hit by Sergey Kalinin and loses puck.
13:56 of 2nd period - Wrist shot by Stefan Matteau.
13:56 of 2nd period - Stopped by Corey Crawford without a rebound.
13:57 of 2nd period - Drew Shore wins face-off versus Andrew Shaw in Sasquatch zone.
14:10 of 2nd period - Wrist shot by Jeff Skinner.
14:10 of 2nd period - Stopped by Joacim Eriksson with a rebound.
14:22 of 2nd period - Martin Marincin is hit by Riley Nash and loses puck.
14:54 of 2nd period - Josh Jooris is hit by Sergey Kalinin and loses puck.
15:52 of 2nd period - Nicolas Deslauriers is hit by Derek Joslin and loses puck.
16:11 of 2nd period - Sergey Kalinin is hit by Riley Nash.
16:57 of 2nd period - Minor Penalty to Jesper Fast for Tripping.
16:58 of 2nd period - Stefan Matteau wins face-off versus Drew Shore in Sasquatch zone.
17:21 of 2nd period - Mark Pysyk is hit by Drew Shore and loses puck.
17:49 of 2nd period - Sergey Kalinin is hit by Alexei Marchenko and loses puck.
18:56 of 2nd period - Slapshot by Brady Skjei.
18:56 of 2nd period - Shot Misses the Net.
18:57 of 2nd period - Penalty to Jesper Fast is over, Jesper Fast is back on ice.
18:58 of 2nd period - Backhand shot by Jim O'Brien.
18:58 of 2nd period - Stopped by Corey Crawford without a rebound.
18:59 of 2nd period - Sergey Kalinin wins face-off versus Jim O'Brien in Sasquatch zone.
19:22 of 2nd period - Dakota Mermis is hit by Devin Shore and loses puck.
19:41 of 2nd period - Snap shot by Nicolas Deslauriers.
19:41 of 2nd period - Stopped by Joacim Eriksson with a rebound.
Goals for this period are 2 for Mustangs vs 1 for Sasquatch.
Shots for this period are 9 for Mustangs vs 17 for Sasquatch.

3rd period


0:01 of 3rd period - Melker Karlsson wins face-off versus Drew Shore in neutral zone.
0:06 of 3rd period - Slapshot by Brady Skjei.
0:06 of 3rd period - Shot Blocked by Drew Shore.
0:32 of 3rd period - Slapshot by Brady Skjei.
0:32 of 3rd period - Shot Misses the Net.
0:34 of 3rd period - Slapshot by Derek Joslin.
0:34 of 3rd period - Stopped by Corey Crawford without a rebound.
0:35 of 3rd period - Drew Shore wins face-off versus Melker Karlsson in Sasquatch zone.
0:37 of 3rd period - Minor Penalty to Drew Shore for Tripping.
0:38 of 3rd period - Melker Karlsson wins face-off versus Petr Straka in Sasquatch zone.
1:20 of 3rd period - Brock Trotter is hit by Melker Karlsson and loses puck.
1:31 of 3rd period - Martin Marincin is hit by Stefan Matteau and loses puck.
1:42 of 3rd period - Minor Penalty to Teuvo Teravainen for Cross-checking.
1:43 of 3rd period - Sergey Kalinin wins face-off versus Melker Karlsson in Mustangs zone.
1:44 of 3rd period - Snap shot by Jeff Skinner.
1:44 of 3rd period - Shot Misses the Net.
1:48 of 3rd period - Snap shot by Sergey Kalinin.
1:48 of 3rd period - Shot Blocked by Stefan Matteau.
1:50 of 3rd period - Wrist shot by Jeff Skinner.
1:50 of 3rd period - Stopped by Joacim Eriksson without a rebound.
1:51 of 3rd period - Sergey Kalinin wins face-off versus Stefan Matteau in Mustangs zone.
2:15 of 3rd period - Off-side.
2:16 of 3rd period - Devin Shore wins face-off versus Melker Karlsson in neutral zone.
2:23 of 3rd period - Wrist shot by Brady Skjei.
2:23 of 3rd period - Shot Misses the Net.
2:37 of 3rd period - Penalty to Drew Shore is over, Drew Shore is back on ice.
2:37 of 3rd period - Derek Joslin is hit by Sergey Kalinin.
3:42 of 3rd period - Penalty to Teuvo Teravainen is over, Teuvo Teravainen is back on ice.
4:12 of 3rd period - Slapshot by Jim O'Brien.
4:12 of 3rd period - Stopped by Corey Crawford without a rebound.
4:13 of 3rd period - Sergey Kalinin wins face-off versus Valentin Zykov in Sasquatch zone.
4:13 of 3rd period - Sergey Kalinin is hit by Valentin Zykov.
4:21 of 3rd period - Snap shot by Teemu Hartikainen.
4:21 of 3rd period - Shot Blocked by Alexei Marchenko.
4:23 of 3rd period - Snap shot by Teemu Hartikainen.
4:23 of 3rd period - Stopped by Joacim Eriksson with a rebound.
4:33 of 3rd period - Slapshot by Jesper Fast.
4:33 of 3rd period - Shot Misses the Net.
4:35 of 3rd period - Snap shot by Jesper Fast.
4:35 of 3rd period - Stopped by Joacim Eriksson without a rebound.
4:36 of 3rd period - Drew Shore wins face-off versus Teuvo Teravainen in Mustangs zone.
4:41 of 3rd period - Snap shot by Drew Shore.
4:41 of 3rd period - Stopped by Joacim Eriksson without a rebound.
4:42 of 3rd period - Melker Karlsson wins face-off versus Drew Shore in Mustangs zone.
4:59 of 3rd period - Andrew Shaw is hit by Jeff Skinner and loses puck.
5:18 of 3rd period - Wrist shot by Matt Halischuk.
5:18 of 3rd period - Deflect By Teemu Hartikainen.
5:18 of 3rd period - Shot Misses the Net.
5:18 of 3rd period - Puck is out of play.
5:19 of 3rd period - Stefan Matteau wins face-off versus Sergey Kalinin in Mustangs zone.
5:19 of 3rd period - Stefan Matteau is hit by Matt Halischuk.
5:41 of 3rd period - Minor Penalty to Teemu Hartikainen for Goalie Interference.
5:42 of 3rd period - Melker Karlsson wins face-off versus Drew Shore in Sasquatch zone.
5:47 of 3rd period - Slapshot by Andrew Shaw.
5:47 of 3rd period - Shot Hit the Post.
5:53 of 3rd period - Dougie Hamilton is hit by Brady Skjei and loses puck.
7:07 of 3rd period - Icing by Derek Joslin.
7:08 of 3rd period - Stefan Matteau wins face-off versus Sergey Kalinin in Mustangs zone.
7:41 of 3rd period - Penalty to Teemu Hartikainen is over, Teemu Hartikainen is back on ice.
7:58 of 3rd period - Wrist shot by Devin Shore.
7:58 of 3rd period - Stopped by Joacim Eriksson with a rebound.
8:44 of 3rd period - Icing by Max Gortz.
8:45 of 3rd period - Riley Nash wins face-off versus Devin Shore in Mustangs zone.
8:45 of 3rd period - Riley Nash is hit by Brock Trotter.
9:16 of 3rd period - Minor Penalty to Brett Pesce for Holding.
9:17 of 3rd period - Drew Shore wins face-off versus Melker Karlsson in Sasquatch zone.
9:17 of 3rd period - Drew Shore is hit by Melker Karlsson.
9:35 of 3rd period - Drew Shore is hit by Melker Karlsson and loses puck.
11:16 of 3rd period - Penalty to Brett Pesce is over, Brett Pesce is back on ice.
11:29 of 3rd period - Snap shot by Jerome Samson.
11:29 of 3rd period - Stopped by Corey Crawford with a rebound.
11:31 of 3rd period - Backhand shot by Derek Joslin.
11:31 of 3rd period - Shot Blocked by Josh Morrissey.
11:33 of 3rd period - Slapshot by Derek Joslin.
11:33 of 3rd period - Shot Misses the Net.
11:48 of 3rd period - Dakota Mermis is hit by Brock Trotter and loses puck.
13:22 of 3rd period - Wrist shot by Riley Nash.
13:22 of 3rd period - Stopped by Corey Crawford with a rebound.
13:28 of 3rd period - Ben Harpur is hit by Petr Straka and loses puck.
13:59 of 3rd period - Drew Shore is hit by Valentin Zykov and loses puck.
14:54 of 3rd period - Slapshot by Brady Skjei.
14:54 of 3rd period - Shot Misses the Net.
14:56 of 3rd period - Wrist shot by Max Gortz.
14:56 of 3rd period - Shot Blocked by Brett Pesce.
14:58 of 3rd period - Slapshot by Dakota Mermis.
14:58 of 3rd period - Shot Blocked by Devin Shore.
15:59 of 3rd period - Wrist shot by Melker Karlsson.
15:59 of 3rd period - Shot Misses the Net.
16:09 of 3rd period - Andrew Shaw is hit by Brock Trotter and loses puck.
16:22 of 3rd period - Snap shot by Josh Jooris.
16:22 of 3rd period - Stopped by Corey Crawford without a rebound.
16:23 of 3rd period - Joshua Leivo wins face-off versus Sergey Kalinin in Sasquatch zone.
16:48 of 3rd period - Alexei Marchenko is hit by Drew Shore.
17:17 of 3rd period - Wrist shot by Petr Straka.
17:17 of 3rd period - Deflect By Alexei Marchenko.
17:17 of 3rd period - Shot Misses the Net.
17:17 of 3rd period - Puck is out of play.
17:18 of 3rd period - Drew Shore wins face-off versus Melker Karlsson in Mustangs zone.
17:27 of 3rd period - Drew Shore is hit by Derek Joslin and loses puck.
17:48 of 3rd period - Snap shot by Teemu Hartikainen.
17:48 of 3rd period - Stopped by Joacim Eriksson without a rebound.
17:49 of 3rd period - Stefan Matteau wins face-off versus Sergey Kalinin in Mustangs zone.
17:59 of 3rd period - Slapshot by Joshua Leivo.
17:59 of 3rd period - Shot Misses the Net.
18:01 of 3rd period - Wrist shot by Joshua Leivo.
18:01 of 3rd period - Shot Misses the Net.
18:03 of 3rd period - Slapshot by Josh Jooris.
18:03 of 3rd period - Shot Misses the Net.
18:05 of 3rd period - Snap shot by Josh Jooris.
18:05 of 3rd period - Deflect By Stefan Matteau.
18:05 of 3rd period - Stopped by Corey Crawford without a rebound.
18:06 of 3rd period - Drew Shore wins face-off versus Melker Karlsson in Sasquatch zone.
19:23 of 3rd period - Off-side.
19:24 of 3rd period - Sergey Kalinin wins face-off versus Melker Karlsson in neutral zone.
19:26 of 3rd period - Off-side.
19:27 of 3rd period - Sergey Kalinin wins face-off versus Melker Karlsson in neutral zone.
19:53 of 3rd period - Snap shot by Dougie Hamilton.
19:53 of 3rd period - Deflect By Dakota Mermis.
19:53 of 3rd period - Stopped by Joacim Eriksson with a rebound.
19:55 of 3rd period - Slapshot by Dougie Hamilton.
19:55 of 3rd period - Shot Blocked by Andrew Shaw.
19:57 of 3rd period - Snap shot by Petr Straka.
19:57 of 3rd period - Stopped by Joacim Eriksson with a rebound.
19:59 of 3rd period - Wrist shot by Brock Trotter.
19:59 of 3rd period - Shot Blocked by Andrew Shaw.
Goals for this period are 0 for Mustangs vs 0 for Sasquatch.
Shots for this period are 6 for Mustangs vs 8 for Sasquatch.